 Dungeon Crawl Stone Soup version 0.31-a0-986-g5e6e4ef867 (webtiles) character file.

Game seed: 17029985940223388498

3000 mandarbmax the Fighter (level 9, 0/102 (106) HPs)
             Began as an Ogre Fighter on Nov 13, 2023.
             Was a Follower of Okawaru.
             Slain by an ice beast (7 damage)
             ... on level 7 of the Dungeon.
             The game lasted 00:17:45 (7830 turns).

mandarbmax the Fighter (Ogre Fighter)               Turns: 7830, Time: 00:17:47

HP:   0/102 (106)   AC:  7    Str: 24    XL:     9   Next: 84%
MP:   9/9           EV:  9    Int:  9    God:    Okawaru [*.....]
Gold: 476           SH:  8    Dex:  8    Spells: 8/8 levels left

rFire   + . .        n - +1 flail (venom)
rCold   + . .        c - +0 kite shield
rNeg    . . .        d - +2 robe {rC+ rF+}
rPois   .            l - +2 hat
rElec   .            (no cloak)
rCorr   .            (gloves unavailable)
SInv    .            (boots unavailable)
Will    .....        (no amulet)
Stlth   +            i - ring of flight
HPRegen 0.37/turn    (no ring)
MPRegen 0.11/turn

%: no passive effects
@: flying, lightly drained
A: large, unfitting armour, tough skin 1, talons 1, weak 1
a: Renounce Religion, Heroism


You were on level 7 of the Dungeon.
You worshipped Okawaru.
Okawaru was aware of your devotion.
You visited 2 branches of the dungeon, and saw 8 of its levels.

You collected 476 gold pieces.

Inventory:

Hand Weapons
 n - a +1 flail of venom (weapon)
Missiles
 a - a throwing net
 f - 26 stones
 g - a javelin (quivered)
 j - 2 curare-tipped darts
 o - a boomerang
 w - 35 poisoned darts
Armour
 c - a +0 kite shield (worn)
 d - a +2 robe of resistance (worn)
 l - a +2 hat (worn)
 r - the +1 robe "Kex Seil" {+Blink rPois rN+ Int-5}
   (You found it on level 3 of the Dungeon)

   Int-5:     It affects your intelligence (-5).
   rPois:     It protects you from poison rN+: It protects you from negative
   energy.
   +Blink:    It lets you blink.
Magical Staves
 s - a staff of earth
Jewellery
 b - a ring of ice
 i - a ring of flight (left hand)
Wands
 y - a wand of flame (24)
Scrolls
 e - a scroll of silence
 p - a scroll of amnesia
 v - a scroll of fear
 x - 2 scrolls of enchant armour
 A - a scroll of fog {unknown}
Potions
 h - a potion of invisibility {unknown}
 k - a potion of haste
 m - a potion of attraction
 q - a potion of mutation
 t - a potion of curing {unknown}
 u - 2 potions of enlightenment
 z - a potion of lignification {unknown}


   Skills:
 + Level 11.8 Fighting
 - Level 4.0 Maces & Flails
 + Level 8.2 Throwing
 - Level 3.0 Dodging
 + Level 5.1 Shields


You had 8 spell levels left.
You didn't know any spells.
Your spell library contained the following spells:

 Spells                   Type           Power      Damage    Failure   Level
 Foxfire                  Conj/Fire      0%         2x1d4     63%         1
 Magic Dart               Conj           0%         1d3       63%         1
 Searing Ray              Conj           0%         2d4       77%         2
 Sublimation of Blood     Necr           0%         N/A       77%         2
 Wereblood                Tmut           0%         N/A       77%         2
 Volatile Blastmotes      Fire/Tloc      0%         2d10      94%         3
 Cause Fear               Hex            0%         N/A       100%        4
 Fulminant Prism          Conj/Hex       0%         3d5       100%        4
 Iskenderun's Mystic Bla  Conj/Tloc      0%         2d3       100%        4
 Fireball                 Conj/Fire      0%         3d3       100%        5
 Plasma Beam              Fire/Air       0%         2x1d10    100%        6
 Starburst                Conj/Fire      0%         6d3       100%        6
 Summon Hydra             Summ           Unusable   N/A       N/A         7
 Dragon's Call            Summ           Unusable   N/A       N/A         9

Dungeon Overview and Level Annotations

Branches:
Dungeon (7/15)             Temple (1/1) D:6

Altars:
Ashenzari
Cheibriados
Dithmenos
Elyvilon
Fedhas
Gozag
Hepliaklqana
Makhleb
Nemelex Xobeh
Okawaru
Qazlal
Ru
Sif Muna
Trog
Uskayaw
Vehumet
Wu Jian
Yredelemnul
Zin
The Shining One

Shops:
D:7 [

Annotations:
D:5 1 runed translucent door, Crazy Yiuf


Innate Abilities, Weirdness & Mutations

You are too large for most types of armour.
You have tough skin. (AC +1)
You have sharp toenails.
You are weak. (Str -2)


Message History

You block Jeremiah's attack.
Jeremiah shouts, "O dreadful one, destroy my foe!"
Something smites you!
You barely miss Jeremiah. You claw Jeremiah, but do no damage.
Jeremiah is heavily wounded.
The butterfly disappears in a burst of colours!
Jeremiah hits you with a +3 trident of draining!
You feel drained.
You closely miss Jeremiah.
Jeremiah is heavily wounded.
The butterfly disappears in a burst of colours! x3
Jeremiah shouts, "O dreadful one, destroy my foe!"
Something smites you!
* * * LOW HITPOINT WARNING * * *
You hit Jeremiah.
Jeremiah looks as sick as possible!
You claw Jeremiah.
Jeremiah is severely wounded.
The butterfly disappears in a burst of colours!
Jeremiah asks, "Where am I?
Why are you fighting me?" You block Jeremiah's attack.
Unknown command.
You closely miss Jeremiah.
Jeremiah is almost dead.
The butterfly disappears in a burst of colours! x2
Jeremiah mumbles a slurred invocation.
Something smites you!
* * * LOW HITPOINT WARNING * * *
Jeremiah closely misses you.
You hit Jeremiah.
Jeremiah looks as sick as possible!
You claw Jeremiah.
Jeremiah is almost dead.
You kill Jeremiah!
Okawaru is honoured by your kill.
The butterfly disappears in a burst of colours! x12
The ice beast hits you.
* * * LOW HITPOINT WARNING * * *
The ice beast freezes you. You resist.
* * * LOW HITPOINT WARNING * * *
The ice beast hits you.
* * * LOW HITPOINT WARNING * * *
The ice beast freezes you! You resist.
You die...

...###..##.......#
........##.......#
.######..........#
)# ####.......# .#
####......<### .#
.[........(...# .#
####.###.#..#.# .#
#. #.#.)# ## #.
#.#.@# # #.
#.#Y.#.# ..#†)!.#
#.#.#..# #.#)#..#
#)#..# #.#..#
.....# .#.#.##


You could see an ice beast.

Vanquished Creatures
  Jeremiah (D:7)
  Sigmund (D:2)
  A shadow (D:7)
  Eustachio (D:4)
  Menkaure (D:5)
  2 water moccasins (D:6)
  Duvessa (D:5)
  A sky beast (D:6)
  An orc warrior (D:7)
  An ogre (D:5)
  A centaur (D:5)
  3 kobold brigands
  2 phantoms (D:6)
  3 bullfrogs
  7 scorpions
  Dowan (D:5)
  A howler monkey (D:5)
  A hound (D:6)
  2 quasits (D:5)
  A gnoll bouda (D:3)
  2 orc priests
  3 jellies
  2 iguanas
  Natasha (thrice) (D:3)
  7 adders
  11 gnolls
  A shadow imp (D:5)
  A white imp (D:4)
  An ufetubus (D:5)
  5 worms
  A dart slug (D:1)
  16 orcs
  4 ball pythons
  9 endoplasms
  3 giant cockroaches
  5 goblins
  10 hobgoblins
  6 jackals
  27 kobolds
  5 quokkas
  4 bats
  4 frilled lizards
  9 rats
172 creatures vanquished.

Notes
Turn   | Place    | Note
-------+----------+-------------------------------------------
     0 | D:1      | mandarbmax the Ogre Fighter began the quest for the Orb.
     0 | D:1      | Reached XP level 1. HP: 24/24 MP: 1/1
   121 | D:1      | Reached XP level 2. HP: 30/32 MP: 2/2
   426 | D:1      | Found a faded altar of an unknown god.
   650 | D:1      | Reached XP level 3. HP: 39/40 MP: 3/3
  1353 | D:2      | Reached skill level 5 in Fighting
  1361 | D:2      | Reached XP level 4. HP: 47/50 MP: 4/4
  1378 | D:2      | Reached skill level 1 in Throwing
  1897 | D:2      | Noticed Sigmund
  1908 | D:2      | Killed Sigmund
  1909 | D:2      | Reached skill level 6 in Fighting
  1909 | D:2      | Reached XP level 5. HP: 32/59 MP: 5/5
  1909 | D:2      | Reached XP level 6. HP: 37/67 MP: 6/6
  2307 | D:3      | Noticed Natasha
  2312 | D:3      | Killed Natasha
  2374 | D:3      | Identified the +1 robe "Kex Seil" {+Blink rPois rN+ Int-5}
  2443 | D:3      | Noticed Natasha
  2447 | D:3      | Killed Natasha
  2573 | D:3      | Noticed Natasha
  2580 | D:3      | Killed Natasha
  3487 | D:4      | Reached XP level 7. HP: 76/76 MP: 7/7
  3784 | D:4      | Found a bloodstained altar of Trog.
  3785 | D:4      | Found an ornate altar of the Wu Jian Council.
  3787 | D:4      | Found a radiant altar of Vehumet.
  3916 | D:4      | Reached skill level 7 in Fighting
  4213 | D:4      | Found a hide-covered altar of Uskayaw.
  4399 | D:5      | Entered Level 5 of the Dungeon
  4399 | D:5      | Noticed Menkaure
  4401 | D:5      | Killed Menkaure
  4417 | D:5      | Noticed Eustachio
  4439 | D:5      | Noticed Duvessa
  4439 | D:5      | Noticed Dowan
  4492 | D:4      | Gained mutation: You have sharp toenails. [potion of
                  | mutation]
  4492 | D:4      | Gained mutation: You are weak. (Str -2) [potion of
                  | mutation]
  4514 | D:4      | Killed Eustachio
  4515 | D:4      | Reached skill level 8 in Fighting
  4773 | D:5      | Reached skill level 5 in Throwing
  4773 | D:5      | Reached XP level 8. HP: 88/89 MP: 8/8
  4837 | D:5      | Reached skill level 9 in Fighting
  4957 | D:5      | Killed Duvessa
  4965 | D:5      | Killed Dowan
  5459 | D:5      | Found a basalt altar of Yredelemnul.
  5593 | D:5      | Found a white marble altar of Elyvilon.
  5677 | D:5      | Reached skill level 10 in Fighting
  6299 | D:5      | Found a runed translucent door.
  6300 | D:5      | Noticed Crazy Yiuf
  6479 | D:6      | Reached XP level 9. HP: 94/102 MP: 9/9
  6855 | D:6      | Reached skill level 11 in Fighting
  7280 | D:6      | Found a staircase to the Ecumenical Temple.
  7314 | Temple   | Entered the Ecumenical Temple
  7331 | Temple   | Became a worshipper of Warmaster Okawaru
  7541 | D:7      | Found Icoffish's Antique Armour Emporium.
  7776 | D:7      | Reached skill level 5 in Shields
  7788 | D:7      | Noticed Jeremiah
  7807 | D:7      | Reached * piety under Okawaru
  7830 | D:7      | Killed Jeremiah
  7830 | D:7      | Slain by an ice beast

Illustrated notes

Levels and vault maps discovered:
D:1:      sevenhm_arrival_forest_fort_small_3, layout_basic,
          ebering_ecumenical_altar_sacrificial, minmay_tetromino_i4
D:2:      layout_loops_ring, glass_columns_a, nicolae_half_adder, uniq_sigmund
D:3:      layout_loops_ring, kennysheep_generic_room_7, uniq_natasha
D:4:      layout_loops_corners, amcnicky_altar_gilded, minitemple
D:5:      layout_layer_cave, kennysheep_ying_yang, serial_demonic,
          serial_demonic_g, serial_demonic_b, serial_demonic_c,
          serial_demonic_g, uniq_duvessa, uniq_eustachio, uniq_menkaure,
          uniq_crazy_yiuf_cottage
D:6:      layout_basic, temple_green
D:7:      layout_loops_ring, serial_shops,
          nicolae_shop_competitors_out_of_business, uniq_jeremiah, uniq_joseph
Temple:   jpeg_temple_clearing

Skill      XL: |  1  2  3  4  5  6  7  8  9 |
---------------+----------------------------+-----
Maces & Flails | 2 3 4 |  4.0
Dodging        | 3 |  3.0
Fighting       | 5 6 8 10 11 | 11.8
Throwing       | 2 3 5 7 8 |  8.2
Shields        | 5 |  5.1

Action                     |  1- 3 |  4- 6 |  7- 9 || total
---------------------------+-------+-------+-------++-------
  Melee: Flail             |   106 |   121 |   264 ||   491
         Kick              |       |       |    51 ||    51
  Throw: Stone             |    21 |     9 |       ||    30
         Boomerang         |       |    20 |    89 ||   109
         Dart              |       |     6 |    11 ||    17
         Javelin           |       |       |    27 ||    27
    Use: Potion            |       |     3 |     4 ||     7
         Scroll            |       |     6 |     7 ||    13
 Armour: Robe              |    65 |    84 |   258 ||   407
  Dodge: Dodged            |    43 |    30 |   127 ||   200
  Block: Kite shield       |    43 |    40 |   107 ||   190

Table legend: (Time is in decaauts)
 A = Elapsed time spent in this place.
 B = Non-inter-level travel time spent in this place.
 C = Inter-level travel time spent in this place.
 D = Time resting spent in this place.
 E = Time spent auto-exploring this place.
 F = Levels seen in this place.
 G = Mean time per level.
                   A        B        C        D        E       F      G
               +--------+--------+--------+--------+--------+-----+--------+
         Total |   8033 |   7748 |    285 |    305 |   6017 |   8 | 1004.1 |
       Dungeon |   7999 |   7746 |    253 |    305 |   6017 |   7 | 1142.7 |
        Temple |     34 |      2 |     32 |      0 |      0 |   1 |   34.0 |
               +--------+--------+--------+--------+--------+-----+--------+

Top non-repeatable levels by time:
     D:5: 1754 daAuts
     D:4: 1475 daAuts
     D:1: 1257 daAuts
     D:2: 1124 daAuts
     D:3: 1008 daAuts
     D:6: 892 daAuts
     D:7: 486 daAuts
  Temple: 34 daAuts
